 Dungeon Crawl Stone Soup version 0.19-a0-1168-g98094fc (webtiles) character file.

330 PurpleRed the Slasher (level 6, -12/66 HPs)
             Began as a High Elf Berserker on Aug 15, 2016.
             Was a Believer of Trog.
             Mangled by an ogre
             ... wielding a +0 giant club
              (19 damage)
             ... on level 4 of the Dungeon.
             The game lasted 00:06:12 (874 turns).

PurpleRed the Slasher (High Elf Berserker)           Turns: 874, Time: 00:06:13

Health: -12/66     AC:  3    Str: 23    XL:     6   Next: 26%
Magic:  7/7        EV: 12    Int: 11    God:    Trog [**....]
Gold:   106        SH:  0    Dex: 15    Spells: 0 memorised, 5 levels left

rFire  . . .     SeeInvis .     a - +0 falchion
rCold  + . .     Gourm    .     f - +0 leather armour
rNeg   . . .     Faith    .     (no shield)
rPois  .         Spirit   .     (no helmet)
rElec  .         Dismiss  .     (no cloak)
rCorr  +         Reflect  .     (no gloves)
MR     .....     Harm     .     (no boots)
Stlth  ..........               (no amulet)
                                e - ring of resist corrosion
                                j - ring of protection from cold (curse)

@: berserking, very quick
A: no striking features
a: Berserk, Trog's Hand, Burn Spellbooks, Renounce Religion


You were on level 4 of the Dungeon.
You worshipped Trog.
Trog was pleased with you.
You were hungry.

You visited 1 branch of the dungeon, and saw 4 of its levels.

You collected 106 gold pieces.

Inventory:

Hand Weapons
 a - a +0 falchion (weapon)
 m - a cursed -2 shortbow
Missiles
 n - 30 arrows
Armour
 b - a +0 animal skin
 f - a +0 leather armour (worn)
Jewellery
 e - a ring of resist corrosion (right hand)
 j - a cursed ring of protection from cold (left hand)
Wands
 p - a wand of random effects (37/48)
Scrolls
 d - a scroll of recharging
 h - 2 scrolls of random uselessness {unknown}
 i - 3 scrolls of remove curse {unknown}
 k - 3 scrolls of identify {unknown}
 l - 2 scrolls of enchant weapon {unknown}
Comestibles
 c - 3 bread rations
 g - a slice of pizza
 o - 4 chunks of flesh


   Skills:
 + Level 4.7 Fighting
 * Level 7.3 Long Blades
 - Level 1.7 Armour
 - Level 2.1 Dodging


You had 5 spell levels left.
You didn't know any spells.

Dungeon Overview and Level Annotations

Branches:
Dungeon (4/15)
 Temple: D:4-7

Altars:


Message History

You kill the jackal!
Trog accepts your kill.
You open the door.
Found a bronze wand.
Found 5 gold pieces.
There is an open door here.
p - a wand of random effects You are feeling hungry.
You open the door.
An ogre comes into view. It is wielding a giant club.
Found 2 throwing nets.
Found an escape hatch in the floor.
There is an open door here.
A red film seems to cover your vision as you go berserk!
You feel yourself moving faster!
You feel mighty!
You feel somewhat more hungry. The ogre hits you with a giant club!!
* * * LOW HITPOINT WARNING * * *
You slash the ogre!
The ogre is severely wounded.
The ogre hits you with a giant club!!
You die...

≈≈≈,≈≈,,**,,,,,,,,,,******
,,,,,,,,*#..........#*,,,*
,,,,,,,,*#..........#*,.,*
*,,,,,,,,...........##.,,*
+,,,,,,,,.............,,,*
*,,,,,,,,#..........#*,,**
*,,,,,,,,*,#.>.....(###.*********
,,,,,,,,,*,#....O.......,,,,,,,,,
,*,,,***,*,**#+#@#+****,,,,,,****
,*,,,* *,*,* #.#.#,* *,,,,,,**
,*,,,**#.#$###.#.#.####,,,,,*≈***
,,,,,,,.................,,,≈≈≈≈≈,
********######'#.#+#.###*,**≈≈≈≈,
#..♣♣.♣*,,*,,,,*≈≈≈≈*,
#..♣#+#*,,#,,,<*≈≈≈≈≈,
#..♣*_**,.##****≈≈≈≈≈,
#†.♣****...,,,,≈≈≈≈≈,,


You could see an ogre.

Vanquished Creatures
  A phantom (D:4)
  A centaur (D:4)
  A jelly (D:3)
  A hound (D:4)
  A worker ant (D:3)
  2 adders (D:3)
  An ooze (D:2)
  A worm (D:4)
  5 dart slugs
  A giant gecko (D:2)
  2 orcs
  3 bats (D:1)
  A giant cockroach (D:2)
  3 goblins
  7 hobgoblins
  2 jackals (D:4)
  A ball python (D:1)
  4 giant newts
  2 kobolds (D:1)
  A quokka skeleton (D:4)
  4 rats
45 creatures vanquished.

Notes
Turn   | Place    | Note
-------+----------+-------------------------------------------
     0 | D:1      | PurpleRed the High Elf Berserker began the quest for the Orb.
     0 | D:1      | Reached XP level 1. HP: 16/16 MP: 2/2
    76 | D:1      | Reached skill level 4 in Long Blades
    81 | D:1      | Reached XP level 2. HP: 11/21 MP: 3/3
   372 | D:2      | Reached XP level 3. HP: 14/26 MP: 4/4
   511 | D:3      | Reached skill level 5 in Long Blades
   512 | D:3      | Reached ** piety under Trog
   515 | D:3      | Reached XP level 4. HP: 32/33 MP: 5/5
   720 | D:4      | Noticed a phantom
   724 | D:4      | Noticed a centaur
   733 | D:4      | Killed a centaur
   733 | D:4      | Reached skill level 6 in Long Blades
   733 | D:4      | Reached XP level 5. HP: 16/37 MP: 6/6
   840 | D:4      | Killed a phantom
   840 | D:4      | Reached skill level 7 in Long Blades
   840 | D:4      | Reached XP level 6. HP: 17/44 MP: 7/7
   874 | D:4      | Mangled by an ogre

Vault maps used:
D:1:      dpeg_arrival_short_road, serial_bayou_pond_e, minmay_misc_feat_columns
D:2:      kb_forest_paths, first_bread
D:3:      kennysheep_crisscross
D:4:      kennysheep_mini_moat, serial_bayou, serial_bayou_crossing,
          serial_bayou_ford_a, serial_bayou_pond_b, serial_bayou_pond_b,
          minmay_door_square, kennysheep_orc_chapel

Skill      XL: |  1  2  3  4  5 |
---------------+----------------+-----
Long Blades    | 4 5 6 7 |  7.3
Fighting       | 4 |  4.7
Armour         | |  1.7
Dodging        | |  2.1

Action                   |  1- 3 |  4- 6 || total
-------------------------+-------+-------++-------
Melee: Falchion          |    86 |    91 ||   177
Invok: Berserk           |     2 |     3 ||     5
  Use: Scroll            |       |     2 ||     2
       Potion            |       |     2 ||     2
  Eat: Chunk             |       |     4 ||     4
Armor: Animal skin       |     4 |       ||     4
       Leather armour    |    16 |     9 ||    25
Dodge: Dodged            |    43 |    39 ||    82
